General information
			
			
        
        - name: grudge
 
        - type: Custom game
 
        - host: TALONSAREIMBA
 
        - saver: TALONSAREIMBA
 
        
map: TwistedMeadows 
        - players: 2
 
        - length: 17:48
 
        - speed: Fast
 - version: 1.22 W3XP
 - replay type:  Public
 
» download(140 KB)
Players
        team 1 (winner) 
              
              
TALONSAREIMBA (
pink | 154 APM | 2740 actions | 17:48)
              
 4 Death Knight 
 2 Death Coil
 2 Unholy Aura
 3 Lich 
 2 Frost Nova
 1 Frost Armor
 2 Crypt Lord 
 1 Impale
 1 Spiked Carapace
 
                » actions 
                
                | Assign group hotkey | 30 |  | 
| Basic commands | 170 |  | 
| Build / train | 56 |  | 
| Enter build submenu | 20 |  | 
| Enter hero's abilities submenu | 9 |  | 
| Give item / drop item | 2 |  | 
| Right click | 1290 |  | 
| Select / deselect | 431 |  | 
| Select group hotkey | 663 |  | 
| Use ability | 69 |  | 
                2740 total
 » units 
                
                | Acolyte | 10 |  | 
| Ghoul | 3 |  | 
| Crypt Fiend | 9 |  | 
| Frost Wyrm | 3 |  | 
                25 total
 » upgrades
                
                | Creature Attack | 3 |  | 
| Burrow | 1 |  | 
| Web | 1 |  | 
| Creature Carapace | 2 |  | 
                7 total
 » buildings
                
                | Crypt | 1 |  | 
| Graveyard | 1 |  | 
| Altar of Darkness | 2 |  | 
| Ziggurat | 6 |  | 
| Tomb of Relics | 1 |  | 
| Halls of the Dead | 2 |  | 
| Slaughterhouse | 1 |  | 
| Sacrificial Pit | 1 |  | 
| Black Citadel | 2 |  | 
| Boneyard | 1 |  | 
| Necropolis | 3 |  | 
                21 total
 » build order
                00:06 Crypt
00:16 Graveyard
00:39 Altar of Darkness
00:42 Altar of Darkness
00:56 Ziggurat
01:22 Tomb of Relics
01:58 Ziggurat
04:17 Halls of the Dead
04:17 Halls of the Dead
04:21 Ziggurat
05:30 Ziggurat
07:02 Slaughterhouse
07:06 Sacrificial Pit
08:02 Black Citadel
08:02 Black Citadel
08:44 Ziggurat
10:39 Boneyard
14:30 Necropolis
15:08 Ziggurat
17:22 Necropolis
17:24 Necropolis
» items
                
                | Rod of Necromancy | 1 |  | 
| Orb of Corruption | 1 |  | 
| Potion of Mana | 1 |  | 
| Scroll of Town Portal | 3 |  | 
| Potion of Healing | 1 |  | 
| Potion of Lesser Invulnerability | 1 |  | 
                8 total
  
               team 2 (loser) 
              
              
GHETTo_oVERLORD (
dark-green | 139 APM | 2478 actions | 17:47)
              
 4 Lich 
 2 Frost Nova
 2 Dark Ritual
 
                » actions 
                
                | Assign group hotkey | 232 |  | 
| Basic commands | 130 |  | 
| Build / train | 65 |  | 
| ESC pressed | 6 |  | 
| Enter build submenu | 20 |  | 
| Enter hero's abilities submenu | 4 |  | 
| Give item / drop item | 3 |  | 
| Remove unit from queue | 1 |  | 
| Right click | 1178 |  | 
| Select / deselect | 488 |  | 
| Select group hotkey | 279 |  | 
| Use ability | 72 |  | 
                2478 total
 » units 
                
                | Acolyte | 13 |  | 
| Ghoul | 21 |  | 
| Crypt Fiend | 3 |  | 
| Frost Wyrm | 3 |  | 
                40 total
 » upgrades
                
                | Cannibalize | 0 |  | 
| Unholy Strength | 3 |  | 
| Unholy Armor | 1 |  | 
| Ghoul Frenzy | 1 |  | 
| Web | 1 |  | 
| Creature Attack | 1 |  | 
                7 total
 » buildings
                
                | Crypt | 2 |  | 
| Altar of Darkness | 1 |  | 
| Ziggurat | 3 |  | 
| Tomb of Relics | 1 |  | 
| Graveyard | 1 |  | 
| Halls of the Dead | 3 |  | 
| Necropolis | 1 |  | 
| Spirit Tower | 1 |  | 
| Nerubian Tower | 1 |  | 
| Sacrificial Pit | 1 |  | 
| Black Citadel | 1 |  | 
| Boneyard | 2 |  | 
                18 total
 » build order
                00:22 Crypt
00:25 Crypt
00:29 Altar of Darkness
00:33 Ziggurat
01:05 Tomb of Relics
01:13 Graveyard
01:55 Ziggurat
03:26 Halls of the Dead
03:26 Halls of the Dead
03:26 Halls of the Dead
04:16 Necropolis
05:07 Spirit Tower
05:08 Nerubian Tower
05:50 Sacrificial Pit
06:16 Black Citadel
07:27 Ziggurat
12:50 Boneyard
12:51 Boneyard
» items
                
                | Rod of Necromancy | 2 |  | 
| Scroll of Healing | 2 |  | 
| Orb of Corruption | 1 |  | 
| Staff of Teleportation | 1 |  | 
                6 total
  
                Chat log
          (00:48 / All) TALONSAREIMBA: Nastia Liukin not really US citizen.
(00:53 / All) TALONSAREIMBA: Saw on cnn
(01:19 / All) GHETTo_oVERLORD: sorry i was busy being the best
(01:22 / All) GHETTo_oVERLORD: what were you saying
(01:28 / All) TALONSAREIMBA: nvm fag
(01:36 / All) TALONSAREIMBA: MANNER not mean a thing to u it seem
(01:38 / All) GHETTo_oVERLORD: 1v1
(01:38 / All) GHETTo_oVERLORD: ?
(01:44 / All) TALONSAREIMBA: dam u dumb?
(01:48 / All) GHETTo_oVERLORD: Shut up
(01:55 / All) TALONSAREIMBA: we 1v1ing rite now
(02:04 / All) GHETTo_oVERLORD: didnt think so
(02:10 / All) TALONSAREIMBA: Shut up and get raped.
(02:36 / All) TALONSAREIMBA: u top left nigg?
(02:40 / All) GHETTo_oVERLORD: yah
(03:25 / All) TALONSAREIMBA: U spy on me
(03:27 / All) TALONSAREIMBA: ...
(03:29 / All) GHETTo_oVERLORD: stfu
(03:49 / All) TALONSAREIMBA: LOL
(04:08 / All) GHETTo_oVERLORD: coned
(04:10 / All) TALONSAREIMBA: YUP
(07:28 / All) TALONSAREIMBA: dis game is givin me chillz
(07:35 / All) GHETTo_oVERLORD: prolly cause you suck
(07:39 / All) GHETTo_oVERLORD: and probably arent talons
(07:41 / All) TALONSAREIMBA: yo mamaz tiz.
(07:47 / All) TALONSAREIMBA: are u an idiot?
(07:51 / All) TALONSAREIMBA: jesus christ
(08:05 / All) TALONSAREIMBA: anthony just shut up
(08:15 / All) TALONSAREIMBA: oh wow
(08:15 / All) GHETTo_oVERLORD: why
(08:24 / All) TALONSAREIMBA: cuz u gay
(08:25 / All) TALONSAREIMBA: is why
(08:48 / All) TALONSAREIMBA: itz liek u disappeared
(08:59 / All) GHETTo_oVERLORD: almost as thouh im hacking
(09:57 / All) TALONSAREIMBA: not familliar wit dis dstrat
(10:00 / All) TALONSAREIMBA: is it called suckin a c0ck
(11:10 / All) TALONSAREIMBA: no
(17:45 / All) GHETTo_oVERLORD: k i need to see if im not paranoid
(17:46 / All) GHETTo_oVERLORD: brb